 Dungeon Crawl Stone Soup version 0.30-a0-141-g30f27751c5 (webtiles) character file.

Game seed: 5203205120183988880

236 Belterius the Covered (level 5, 0/48 HPs)
             Began as a Minotaur Fighter on Sept 25, 2022.
             Slain by Edmund
             ... wielding a +1 vorpal dire flail
              (2 damage)
             ... on level 4 of the Dungeon.
             The game lasted 00:03:22 (3181 turns).

Belterius the Covered (Minotaur Fighter)            Turns: 3181, Time: 00:03:23

Health: 0/48       AC:  8    Str: 22    XL:     5   Next: 77%
Magic:  4/4        EV:  9    Int:  5    God:
Gold:   333        SH:  5    Dex: 10    Spells: 4/4 levels left

rFire   . . .      SeeInvis .    a - +0 war axe
rCold   . . .      Faith    .    c - +0 buckler
rNeg    . . .      Spirit   .    b - +0 scale mail
rPois   .          Reflect  .    (helmet restricted)
rElec   .          Harm     .    (no cloak)
rCorr   .          Rampage  .    (no gloves)
Will    .....                    j - +0 pair of boots
Stlth   ..........               (no amulet)
HPRegen 0.16/turn                (no ring)
MPRegen 0.09/turn                (no ring)

@: mighty
A: horns 2, retaliatory headbutt
a: no special abilities


You were on level 4 of the Dungeon.
You visited 1 branch of the dungeon, and saw 4 of its levels.

You collected 333 gold pieces.

Inventory:

Hand Weapons
 a - a +0 war axe (weapon)
Armour
 b - a +0 scale mail (worn)
 c - a +0 buckler (worn)
 j - a +0 pair of boots (worn)
Scrolls
 e - 3 scrolls of blinking {unknown}
 h - 2 scrolls of identify {unknown}
 i - a scroll of brand weapon {unknown}
 l - 3 scrolls of immolation {unknown}
 n - 3 scrolls of teleportation {unknown}
 p - a scroll of fear {unknown}
 q - a scroll of enchant armour {unknown}
Potions
 d - a potion of might
 f - 5 potions of curing {unknown}
 g - 2 potions of attraction {unknown}
 k - a potion of heal wounds {unknown}
 m - a potion of haste
 o - 2 potions of degeneration {unknown}


   Skills:
 + Level 5.0 Fighting
 + Level 4.2 Axes
 + Level 5.0 Armour
 + Level 5.0 Shields


You had 4 spell levels left.
You didn't know any spells.
Your spell library contained the following spells:

 Spells                   Type           Power      Damage    Failure   Level
 Slow                     Hex            0%         N/A       86%         1
 Confusing Touch          Hex            0%         N/A       99%         3
 Frozen Ramparts          Ice            0%         1d1       99%         3
 Vampiric Draining        Necr           0%         2d6       99%         3
 Ice Form                 Ice/Tmut       0%         N/A       100%        4
 Summon Ice Beast         Ice/Summ       0%         N/A       100%        4


Dungeon Overview and Level Annotations

Branches:
Dungeon (4/15)
 Temple: D:4-7

Altars:
Gozag
The Shining One

Annotations:
D:4 1 runed translucent door, Crazy Yiuf, Edmund


Innate Abilities, Weirdness & Mutations

You have a pair of horns on your head.
You reflexively headbutt those who attack you in melee.


Message History

Edmund is nearby!
Unknown command.
Edmund barely misses you.
Edmund is nearby!
Unknown command.
You hit Edmund but do no damage.
Edmund hits you with a +1 vorpal dire flail.
Edmund hits you but does no damage.
Edmund is nearby!
Unknown command.
You slash Edmund! You headbutt Edmund.
Edmund is moderately wounded.
You block Edmund's attack.
Edmund hits you with a +1 vorpal dire flail!
Edmund is nearby!
Unknown command.
You barely miss Edmund.
Edmund is moderately wounded.
You block Edmund's attack.
Edmund hits you with a +1 vorpal dire flail!
Edmund is nearby!
Unknown command.
You hit Edmund but do no damage.
Edmund is moderately wounded.
Edmund hits you with a +1 vorpal dire flail!
Edmund closely misses you.
Edmund is nearby!
Unknown command.
You are too injured to fight recklessly!
Edmund is nearby!
Unknown command.
You feel very mighty all of a sudden.
Edmund hits you with a +1 vorpal dire flail.
* * * LOW HITPOINT WARNING * * *
You closely miss Edmund.
Edmund is moderately wounded.
Edmund hits you with a +1 vorpal dire flail!
* * * LOW HITPOINT WARNING * * *
x2 Edmund hits you with a +1 vorpal dire flail.
You die...

#.....# #.....# #..# #.....#
#..# #.....# # #..# #.....# .
#..# #.....# # #..# #.@?..# #
#..# #.@...# # #..# #.....# ###
#..# #.....# ###.. ##..##
#(.?..# ###...# #....# #.#####
#####...### #....# #.#
###.'...###.. ####....######.#
###...##.##....
#.......'......###...#..#..#....
####....####.###...####.##.##...


You could see Edmund (fast).

Vanquished Creatures
  A hound (D:4)
  An iguana (D:4)
  An orc wizard (D:3)
  3 adders
  An ufetubus (D:3)
  3 worms
  9 dart slugs
  6 orcs
  7 bats
  8 endoplasms
  3 giant cockroaches (D:1)
  13 goblins
  8 hobgoblins
  7 jackals
  4 kobolds
  2 quokkas (D:3)
  4 ball pythons
  2 frilled lizards (D:3)
  4 rats
87 creatures vanquished.

Notes
Turn   | Place    | Note
-------+----------+-------------------------------------------
     0 | D:1      | Belterius the Minotaur Fighter began the quest for the Orb.
     0 | D:1      | Reached XP level 1. HP: 19/19 MP: 0/0
   137 | D:1      | Found a faded altar of an unknown god.
   258 | D:1      | Reached XP level 2. HP: 27/27 MP: 1/1
  1022 | D:2      | Reached XP level 3. HP: 29/33 MP: 2/2
  1500 | D:3      | Reached XP level 4. HP: 40/40 MP: 3/3
  2092 | D:3      | Reached XP level 5. HP: 47/47 MP: 4/4
  2245 | D:3      | Found an opulent altar of Gozag.
  2534 | D:4      | Identified the +1 robe "Bizetir" {Int-4 Dex+2 Stlth+}
  2827 | D:4      | Found a glowing golden altar of the Shining One.
  3035 | D:4      | Found a runed translucent door.
  3036 | D:4      | Noticed Crazy Yiuf
  3089 | D:4      | Reached skill level 5 in Armour
  3089 | D:4      | Reached skill level 5 in Shields
  3172 | D:4      | Reached skill level 5 in Fighting
  3172 | D:4      | Noticed Edmund
  3181 | D:4      | HP: 2/48 [Edmund/+1 vorpal dire flail (3)]
  3181 | D:4      | Slain by Edmund

Illustrated notes

Levels and vault maps discovered:
D:1:      lemuel_arrival_funnel, layout_basic,
          hellmonk_ecumenical_altar_pennies_from_heaven
D:2:      layout_loops_cross
D:3:      kennysheep_slugbush, layout_loops_ring, lemuel_round_altar
D:4:      minmay_skewed_foursquare, layout_basic,
          nicolae_tso_swordbearing_angel, uniq_crazy_yiuf_cottage, uniq_edmund

Skill      XL: |  1  2  3  4  5 |
---------------+----------------+-----
Armour         | 4 5 |  5.0
Fighting       | 4 5 |  5.0
Shields        | 4 5 |  5.0
Axes           | 3 4 |  4.2

Action                   |  1- 3 |  4- 6 || total
-------------------------+-------+-------++-------
Melee: War axe           |    80 |    97 ||   177
       Headbutt          |     7 |    14 ||    21
  Use: Potion            |       |     1 ||     1
Armor: Scale mail        |    46 |    54 ||   100
Dodge: Dodged            |    29 |    52 ||    81
Block: Buckler           |    13 |    29 ||    42

Table legend: (Time is in decaauts)
 A = Elapsed time spent in this place.
 B = Non-inter-level travel time spent in this place.
 C = Inter-level travel time spent in this place.
 D = Time resting spent in this place.
 E = Time spent auto-exploring this place.
 F = Levels seen in this place.
 G = Mean time per level.
                   A        B        C        D        E       F      G
               +--------+--------+--------+--------+--------+-----+--------+
         Total |   3256 |   3203 |     53 |      0 |   2636 |   4 |  814.0 |
       Dungeon |   3256 |   3203 |     53 |      0 |   2636 |   4 |  814.0 |
               +--------+--------+--------+--------+--------+-----+--------+

Top non-repeatable levels by time:
     D:3: 956 daAuts
     D:1: 872 daAuts
     D:4: 781 daAuts
     D:2: 646 daAuts
